 Dungeon Crawl Stone Soup version 0.30.1-4-g462c640d31 (webtiles) character file.

Game seed: 17102301268462498233

43 GeoRichter the Cudgeller (level 3, -1/32 HPs)
             Began as an Armataur Chaos Knight on Aug 14, 2023.
             Slain by Terence
             ... wielding a +0 flail
              (9 damage)
             ... on level 2 of the Dungeon.
             The game lasted 00:02:41 (1051 turns).

GeoRichter the Cudgeller (Armataur Chaos Knight)    Turns: 1051, Time: 00:02:42

Health: -1/32      AC:  6    Str: 19    XL:     3   Next: 37%
Magic:  3/3        EV:  9    Int: 12    God:
Gold:   101        SH:  0    Dex:  9    Spells: 2/2 levels left

rFire   + . .        j - +0 whip
rCold   + . .        (no shield)
rNeg    . . .        b - +2 leather armour
rPois   .            (no helmet)
rElec   .            (no cloak)
rCorr   .            (no gloves)
SInv    .            (no barding)
Will    .....        (no amulet)
Stlth   +            (no ring)
HPRegen 0.25/turn    (no ring)
MPRegen 0.08/turn

%: roll
@: no status effects
A: large, rugged brown scales 3, deformed body, armoured tail, roll, long
tongue, awkward tongue, cold resistance 1, fire resistance 1
a: no special abilities


You were on level 2 of the Dungeon.
You visited 1 branch of the dungeon, and saw 2 of its levels.

You collected 101 gold pieces.

Inventory:

Hand Weapons
 a - a +0 mace
   (You found it on level 1 of the Dungeon)
 j - a +0 whip (weapon)
   (You took it off a kobold on level 2 of the Dungeon)
Armour
 b - a +2 leather armour (worn)
Scrolls
 d - a scroll of teleportation {unknown}
 f - a scroll of enchant weapon {unknown}
 h - a scroll of identify {unknown}
 k - a scroll of vulnerability {unknown}
Potions
 e - a potion of curing {unknown}
 g - a potion of mutation {unknown}
 i - a potion of invisibility {unknown}
Miscellaneous
 c - a piece from Xom's chessboard (15/15) (quivered)


   Skills:
 - Level 2.6 Fighting
 * Level 4.1 Maces & Flails
 - Level 2.4 Armour
 - Level 0.6 Dodging


You had 2 spell levels left.
You didn't know any spells.
Your spell library contained the following spells:

 Spells                   Type           Power      Damage    Failure   Level
 Ensorcelled Hibernation  Hex/Ice        0%         N/A       52%         2
 Passwall                 Tmut/Erth      0%         N/A       52%         2
 Gell's Gravitas          Tloc           0%         N/A       75%         3
 Swiftness                Air            0%         N/A       75%         3
 Teleport Other           Tloc           0%         N/A       75%         3
 Dispersal                Tloc           0%         N/A       100%        6
 Malign Gateway           Summ/Tloc      0%         N/A       100%        7
 Summon Horrible Things   Summ           0%         N/A       100%        8


Dungeon Overview and Level Annotations

Branches:
Dungeon (2/15) Zot: 10941

Altars:

Annotations:
D:2 Terence


Innate Abilities, Weirdness & Mutations

You are completely covered in rugged brown scales. (AC +3, +7% HP)
Armour fits poorly on your strangely shaped body.
You have a long armoured tail.
You roll when moving toward enemies. (Rampage)
Your long tongue fully drains potion bottles. (2x potion effects)
Your tongue gives you trouble enunciating. (1.5x scroll delay)
Your flesh is cold resistant. (rC+)
Your flesh is heat resistant. (rF+)


Message History

You add the spells Gell's Gravitas, Teleport Other and Dispersal to your library.
Terence the Incautious comes into view.
He is wielding a +0 flail.
Terence shouts!
You roll towards Terence!
Found a stone staircase leading down.
You hit Terence.
Terence is lightly wounded.
Terence hits you with a +0 flail!
You hit Terence but do no damage.
Terence is lightly wounded.
Terence barely misses you.
You hit Terence but do no damage.
Terence is lightly wounded.
Terence hits you but does no damage.
You barely miss Terence.
Terence is lightly wounded.
Terence barely misses you.
You hit Terence. You tail-slap Terence!
Terence is heavily wounded.
You closely miss Terence.
Terence is heavily wounded.
Terence closely misses you.
You barely miss Terence.
Terence is heavily wounded.
Terence closely misses you.
You hit Terence but do no damage.
You tail-slap Terence, but do no damage.
Terence is heavily wounded.
Terence hits you with a +0 flail!
You closely miss Terence.
Terence is heavily wounded.
Terence says, "You're history."
Terence hits you with a +0 flail.
You barely miss Terence.
Terence is heavily wounded.
Terence shouts, "Get ready for death!"
Terence hits you with a +0 flail.
* * * LOW HITPOINT WARNING * * *
Unknown command.
You barely miss Terence. You tail-slap Terence.
Terence is heavily wounded.
Terence hits you with a +0 flail.
* * * LOW HITPOINT WARNING * * *
You completely miss Terence.
Terence is heavily wounded.
Terence hits you with a +0 flail.
* * * LOW HITPOINT WARNING * * *
You hit Terence but do no damage.
Terence is heavily wounded.
Terence hits you with a +0 flail!
You die...

#>#.. #...# #...#
#...# #... #.. ####
#@# ....#+ #@#
...... #.## ....#
#..###...##
##.##......
#......####
#..#......## ..
#..........# .
##...##....... .
##...........######.


You could see Terence.

Vanquished Creatures
  A worm (D:2)
  A dart slug (D:1)
  4 ball pythons
  7 bats
  6 endoplasms
  3 goblins
  2 hobgoblins
  2 quokkas (D:1)
  A frilled lizard (D:1)
  5 kobolds
  4 rats
36 creatures vanquished.

Vanquished Creatures (others)
  A bat zombie (D:2)
1 creature vanquished.

Grand Total: 37 creatures vanquished

Notes
Turn   | Place    | Note
-------+----------+-------------------------------------------
     0 | D:1      | GeoRichter the Armataur Chaos Knight began the quest for
                  | the Orb.
     0 | D:1      | Reached XP level 1. HP: 19/19 MP: 1/1
    59 | D:1      | Fell from the grace of Xom
    70 | D:1      | Reached skill level 3 in Maces & Flails
   195 | D:1      | Reached XP level 2. HP: 22/26 MP: 2/2
   419 | D:1      | You fall into a shaft and drop 1 floor!
   548 | D:2      | Reached XP level 3. HP: 32/32 MP: 3/3
   674 | D:1      | Reached skill level 4 in Maces & Flails
   828 | D:1      | XOM: summons 1 hostile demon
   952 | D:1      | XOM: give mutations
   952 | D:1      | Gained mutation: Your flesh is cold resistant. (rC+) [Xom's
                  | mischief]
   952 | D:1      | Gained mutation: Your flesh is heat resistant. (rF+) [Xom's
                  | mischief]
  1037 | D:2      | Noticed Terence
  1051 | D:2      | Slain by Terence

Illustrated notes

Levels and vault maps discovered:
D:1:      lemuel_arrival_cross, layout_rooms, minmay_3d_cube
D:2:      layout_basic, serial_bayou, serial_bayou_lagoon_a,
          serial_bayou_pond_b, serial_bayou_ford_a, serial_bayou_lagoon_b,
          grunt_ministairs_15, uniq_terence

Skill      XL: |  1  2  3 |
---------------+----------+-----
Maces & Flails | 3 4 |  4.1
Fighting       | |  2.6
Armour         | |  2.4
Dodging        | |  0.6

Action                     || total
---------------------------++-------
  Melee: Mace              ||    60
         Tailslap          ||    14
         Punch             ||     2
         Whip              ||    73
 Invoke: Renounce Religion ||     1
 Armour: Leather armour    ||    50
  Dodge: Dodged            ||    66
